 Dungeon Crawl Stone Soup version 0.21-a0-515-g8d4ebbe138 (webtiles) character file.

23 JackS81 the Firebug (level 2, -1/20 HPs)
             Began as a Draconian Fire Elementalist on Dec 3, 2017.
             Slain by a jackal (2 damage)
             ... on level 1 of the Dungeon.
             The game lasted 00:04:33 (327 turns).

JackS81 the Firebug (Draconian Fire Elementalist)    Turns: 327, Time: 00:04:34

Health: -1/20      AC:  4    Str: 10    XL:     2   Next: 72%
Magic:  1/5        EV:  9    Int: 15    God:
Gold:   0          SH:  0    Dex: 11    Spells: 4/5 levels left

rFire    . . .     SeeInvis .   e - +0 club
rCold    . . .     Gourm    .   (no shield)
rNeg     . . .     Faith    .   (armour unavailable)
rPois    .         Spirit   .   (helmet restricted)
rElec    .         Reflect  .   (no cloak)
rCorr    .         Harm     .   (no gloves)
MR       .....                  (no boots)
Stlth    ++........             (no amulet)
HPRegen  0.06/turn              (no ring)
MPRegen  0.09/turn              (no ring)

@: very slightly contaminated, constricted
A: unfitting armour, cold-blooded, AC +4
a: no special abilities


You were on level 1 of the Dungeon.
You were not hungry.

You visited 1 branch of the dungeon, and saw 1 of its levels.

Inventory:

Hand Weapons
 e - a +0 club (weapon)
Missiles
 d - 26 stones (quivered)
 g - 8 bolts
 h - 24 sling bullets
Scrolls
 j - a scroll of identify {unknown}
Potions
 f - a potion of cancellation {unknown}
Books
 a - a book of Flames

   Spells                             Type                      Level
   a - Flame Tongue                   Conjuration/Fire             1
   b - Throw Flame                    Conjuration/Fire             2
   c - Conjure Flame                  Conjuration/Fire             3
   d - Inner Flame                    Hexes/Fire                   3
   e - Sticky Flame                   Conjuration/Fire             4
   f - Fireball                       Conjuration/Fire             5
Comestibles
 b - a bread ration
 i - 2 chunks of flesh


   Skills:
 - Level 1.7 Dodging
 - Level 1.7 Stealth
 - Level 2.0 Spellcasting
 * Level 1.3 Conjurations
 * Level 3.9 Fire Magic


You had 4 spell levels left.
You knew the following spells:

 Your Spells              Type           Power        Failure   Level  Hunger
a - Flame Tongue          Conj/Fire      #....        8%          1    #......


Dungeon Overview and Level Annotations

Branches:
Dungeon (1/15)

Altars:


Innate Abilities, Weirdness & Mutations

Your plain brown scales are hard. (AC +4)
You cannot fit into any form of body armour.
You are cold-blooded and may be slowed by cold attacks.


Message History

The ball python constricts you.
Really attack barehanded?
Okay, then.
Wield which item (- for none, * to show all)? (? for menu, Esc to quit)
You don't have any such object.
Wield which item (- for none, * to show all)? (? for menu, Esc to quit)
e - a +0 club (weapon)
The jackal barely misses you.
A jackal comes into view.
You closely miss the ball python. The jackal barely misses you.
The ball python barely misses you. The ball python constricts you.
The jackal bites you but does no damage.
The ball python bites you but does no damage.
The ball python constricts you.
A jackal comes into view.
The jackal barks!
You hit the ball python.
The ball python is severely wounded.
The jackal bites you.
You die...

#...#...........#.#..#...###.
.$...>.......................
...........#..#.......>#####.
.....................#.#####.
.#......#..#..#........##...†
...................##.....†..
#..###..........#.. #........
...#≈#...###h#..(............
#..###.... #@# ....##.......#
#........# #S# ............#
...... .h# .....######. .....
...# .........'. h....
...######. ...### #. #..h
..#######. .... .........#
########†..


You could see 4 jackals and a ball python.

Vanquished Creatures
  A leopard gecko (D:1)
  A giant cockroach (D:1)
  4 hobgoblins (D:1)
  2 jackals (D:1)
  3 kobolds (D:1)
  A bat (D:1)
  4 frilled lizards (D:1)
  5 rats (D:1)
21 creatures vanquished.

Notes
Turn   | Place    | Note
-------+----------+-------------------------------------------
     0 | D:1      | JackS81 the Draconian Fire Elementalist began the quest for the Orb.
     0 | D:1      | Reached XP level 1. HP: 14/14 MP: 3/3
   226 | D:1      | Reached XP level 2. HP: 17/20 MP: 3/5
   327 | D:1      | Slain by a jackal

Vault maps used:
D:1:      evilmike_arrival_rings, feat_on_display

Action                   || total
-------------------------++-------
Melee: Club              ||    41
       Unarmed           ||     6
       Tailslap          ||     2
 Cast: Flame Tongue      ||    15
  Use: Potion            ||     1
Armor: Skin              ||    37
Dodge: Dodged            ||    46

Table legend:
 A = Spawn XP
 B = Non-spawn XP
 C = Spawn XP percentage of total XP
 D = Spawn monster count
 E = Non-spawn monster count
 F = Spawn count percentage of total count
 G = Total turns spent on level
                    A         B        C        D         E        F      G
               +---------+---------+-------+---------+---------+-------+---------
         Total |       0 |      33 |   0.0 |       0 |      21 |   0.0 |   327
               +---------+---------+-------+---------+---------+-------+---------
           D:1 |       0 |      33 |   0.0 |       0 |      21 |   0.0 |   327
               +---------+---------+-------+---------+---------+-------+---------
